 Dungeon Crawl Stone Soup version 0.31-a0-799-g6bc09d010c (webtiles) character file.

Game seed: 7637068464285971783

102 Shayle the Trooper (level 4, -2/45 HPs)
             Began as an Ogre Hexslinger on Sept 19, 2023.
             Slain by an ogre
             ... wielding a +0 giant club
              (24 damage)
             ... on level 4 of the Dungeon.
             The game lasted 00:04:36 (2719 turns).

Shayle the Trooper (Ogre Hexslinger)                Turns: 2719, Time: 00:04:36

Health: -2/45      AC:  3    Str: 12    XL:     4   Next: 77%
Magic:  8/8        EV: 10    Int: 16    God:
Gold:   164        SH:  0    Dex: 11    Spells: 3/8 levels left

rFire   . . .        a - +1 sling
rCold   . . .        (no shield)
rNeg    . . .        c - +0 robe
rPois   .            (helmet restricted)
rElec   .            (no cloak)
rCorr   .            (gloves unavailable)
SInv    .            (boots unavailable)
Will    .....        (no amulet)
Stlth   +            (no ring)
HPRegen 0.27/turn    (no ring)
MPRegen 0.11/turn

%: no passive effects
@: no status effects
A: large, unfitting armour, tough skin 1
a: no special abilities


You were on level 4 of the Dungeon.
You visited 1 branch of the dungeon, and saw 4 of its levels.

You collected 210 gold pieces.
You spent 46 gold pieces at shops.

Inventory:

Hand Weapons
 a - a +1 sling (weapon)
Armour
 c - a +0 robe (worn)
Wands
 q - a wand of iceblast (8)
Scrolls
 b - a scroll of poison
 d - a scroll of brand weapon {unknown}
 i - a scroll of silence {unknown}
 j - a scroll of revelation {unknown}
 k - a scroll of identify {unknown}
 l - a scroll of enchant weapon {unknown}
 m - a scroll of butterflies {unknown}
 p - a scroll of teleportation {unknown}
Potions
 e - 2 potions of curing {unknown}
 f - a potion of ambrosia {unknown}
 g - a potion of heal wounds {unknown}
 h - a potion of berserk rage {unknown}
 n - a potion of brilliance {unknown}
 o - a potion of attraction {unknown}


   Skills:
 + Level 3.5 Fighting
 - Level 1.3 Ranged Weapons
 - Level 1.7 Dodging
 + Level 2.8 Spellcasting
 + Level 0.0 Conjurations
 - Level 2.6 Hexes
 + Level 2.3 Fire Magic
 + Level 0.0 Air Magic
 + Level 0.0 Poison Magic


You had 3 spell levels left.
You knew the following spells:

 Your Spells              Type           Power      Damage    Failure   Level
a - Jinxbite              Hex            20%        N/A       10%         2
b - Mephitic Cloud        Conj/Pois/Air  2%         N/A       50%         3

Your spell library contained the following spells:

 Spells                   Type           Power      Damage    Failure   Level
 Magic Dart               Conj           8%         1d3       19%         1
 Sigil of Binding         Hex            10%        N/A       19%         3
 Inner Flame              Hex/Fire       10%        N/A       21%         3
 Call Imp                 Summ           4%         N/A       28%         2
 Cause Fear               Hex            5%         N/A       54%         4
 Dimensional Bullseye     Hex/Tloc       3%         N/A       73%         4
 Chain Lightning          Conj/Air       1%         3d1       100%        9
 Fire Storm               Conj/Fire      3%         8d1       100%        9
 Shatter                  Erth           1%         3d5*      100%        9


Dungeon Overview and Level Annotations

Branches:
Dungeon (4/15)
 Temple: D:4-7

Altars:
Xom

Shops:
D:1 *


Innate Abilities, Weirdness & Mutations

You are too large for most types of armour.
You have tough skin. (AC +1)


Message History

Done exploring.
There is an open door here.
You enter the shallow water.
There is an open door here.
There is a stone staircase leading down here.
You climb downwards.
There is a stone staircase leading up here.
Found a stone staircase leading down.
A goblin comes into view. It is wielding a +0 dagger.
Found 17 gold pieces.
The goblin shouts!
You hear a shout! x2
The goblin unwields a +0 dagger.
The goblin wields a +0 sling.
The goblin shoots a sling bullet.
The sling bullet barely misses you.
You shoot a sling bullet.
The sling bullet closely misses the goblin.
A ball python comes into view.
The ball python moves out of view.
You shoot a sling bullet.
The sling bullet closely misses the goblin.
The goblin shoots a sling bullet.
The sling bullet closely misses you.
The ball python hisses angrily.
You shoot a sling bullet. The sling bullet hits the goblin.
The goblin is severely wounded.
A howler monkey comes into view.
You shoot a sling bullet.
The sling bullet hits the goblin but does no damage.
The goblin is severely wounded.
An ogre comes into view. It is wielding a +0 giant club.
The goblin shoots a sling bullet.
The sling bullet hits you.
You shoot a sling bullet. The sling bullet hits the ogre.
The ogre is lightly wounded.
The ogre hits you with a +0 giant club!!
Okay, then.
Okay, then.
You shoot a sling bullet. The sling bullet hits the ogre!
The ogre is moderately wounded.
A goblin comes into view. It is wielding a +0 club.
The ogre hits you with a +0 giant club!!
Ouch! That really hurt!
You die... g

....######
.....gO@.#
.>...S##.#
..... #<#
...$ ###
... .. .


You could see an ogre, 2 goblins and a ball python.

Vanquished Creatures
  4 adders
  3 worms
  2 dart slugs
  5 endoplasms
  A giant cockroach (D:1)
  5 goblins
  4 hobgoblins
  6 quokkas (D:1)
  7 ball pythons
  4 bats
  2 frilled lizards (D:1)
  5 kobolds
  5 rats
53 creatures vanquished.

Notes
Turn   | Place    | Note
-------+----------+-------------------------------------------
     0 | D:1      | Shayle the Ogre Hexslinger began the quest for the Orb.
     0 | D:1      | Reached XP level 1. HP: 19/19 MP: 2/2
    54 | D:1      | Reached skill level 1 in Fire Magic
   194 | D:1      | Reached XP level 2. HP: 28/28 MP: 4/4
   200 | D:1      | Reached skill level 2 in Fighting
   373 | D:1      | Reached XP level 3. HP: 5/36 MP: 6/6
   492 | D:1      | Learned a level 2 spell: Jinxbite
   652 | D:1      | Found Tonix's Assorted Antiques.
   663 | D:1      | Bought a metallic sapphire potion for 23 gold pieces
   663 | D:1      | Bought a metallic emerald potion for 23 gold pieces
  1310 | D:2      | Reached skill level 3 in Fighting
  1483 | D:2      | Reached XP level 4. HP: 27/45 MP: 7/7
  2221 | D:3      | Found a faded altar of an unknown god.
  2325 | D:3      | Found a shimmering altar of Xom.
  2701 | D:3      | Learned a level 3 spell: Mephitic Cloud
  2717 | D:4      | Noticed an ogre
  2719 | D:4      | Slain by an ogre

Illustrated notes

Levels and vault maps discovered:
D:1:      sevenhm_arrival_forest_fort_small_4, layout_basic, serial_shops, shop,
          minivault_25, minmay_pentomino_x4
D:2:      layout_basic
D:3:      layout_basic, tgw_xom, ebering_ecumenical_altar_ruins,
          serial_bayou_pond_d, chequers_serial_rivers_room_b,
          kennysheep_generic_room_11
D:4:      layout_basic, old_standard_altar, gammafunk_ghost_arena, uniq_robin

Skill      XL: |  1  2  3 |
---------------+----------+-----
Fire Magic     | 1 2 |  2.3
Fighting       | 2 3 |  3.5
Spellcasting   | 2 |  2.8
Ranged Weapons | |  1.3
Dodging        | |  1.7
Hexes          | |  2.6

Action                     |  1- 3 |  4- 6 || total
---------------------------+-------+-------++-------
   Fire: Sling             |   144 |    78 ||   222
 Armour: Robe              |    62 |    36 ||    98
  Dodge: Dodged            |    54 |    23 ||    77

Table legend: (Time is in decaauts)
 A = Elapsed time spent in this place.
 B = Non-inter-level travel time spent in this place.
 C = Inter-level travel time spent in this place.
 D = Time resting spent in this place.
 E = Time spent auto-exploring this place.
 F = Levels seen in this place.
 G = Mean time per level.
                   A        B        C        D        E       F      G
               +--------+--------+--------+--------+--------+-----+--------+
         Total |   2792 |   2735 |     57 |    244 |   2030 |   4 |  698.0 |
       Dungeon |   2792 |   2735 |     57 |    244 |   2030 |   4 |  698.0 |
               +--------+--------+--------+--------+--------+-----+--------+

Top non-repeatable levels by time:
     D:1: 1097 daAuts
     D:3: 872 daAuts
     D:2: 812 daAuts
     D:4: 10 daAuts
